 Dungeon Crawl Stone Soup version 0.27.0-1-g7a089689b8 (webtiles) character file.

Game seed: 15182297720382442527

146 Strat the Conjurer (level 5, -6/46 HPs)
             Began as a Ghoul Conjurer on Aug 11, 2021.
             Killed by divine providence
             ... invoked by an orc priest
              (15 damage)
             ... on level 3 of the Dungeon.
             The game lasted 00:08:06 (4176 turns).

Strat the Conjurer (Ghoul Conjurer)                 Turns: 4176, Time: 00:08:08

Health: -6/46      AC:  3    Str: 12    XL:     5   Next: 28%
Magic:  1/6        EV: 11    Int: 13    God:
Gold:   125        SH:  0    Dex:  7    Spells: 4/7 levels left

rFire    . . .     SeeInvis .   a - +0 war axe
rCold    + . .     Faith    .   (no shield)
rNeg     + + +     Spirit   .   f - +0 leather armour
rPois    ∞         Reflect  .   (no helmet)
rElec    .         Harm     .   (no cloak)
rCorr    .         Rampage  .   (no gloves)
Will     .....                  (no boots)
Stlth    +.........             (no amulet)
HPRegen  0.00/turn              (no ring)
MPRegen  0.10/turn              (no ring)

@: inhibited regen
A: claws 1, cold resistance 1, negative energy resistance 3, inhibited
regeneration, torment resistance 2
a: no special abilities


You were on level 3 of the Dungeon.
You visited 1 branch of the dungeon, and saw 3 of its levels.

You collected 125 gold pieces.

Inventory:

Hand Weapons
 a - a +0 war axe (weapon)
 l - a +0 dagger
 q - a +0 flail
Missiles
 b - 35 stones
 j - 26 poisoned darts
Armour
 f - a +0 leather armour (worn)
 g - a +0 robe
 r - a +0 scale mail
Scrolls
 c - a scroll of vulnerability {unknown}
 d - 2 scrolls of identify {unknown}
 e - a scroll of enchant armour {unknown}
 h - a scroll of blinking {unknown}
 k - a scroll of acquirement {unknown}
 m - 3 scrolls of teleportation {unknown}
 p - a scroll of noise {unknown}
 s - a scroll of torment {unknown}
Potions
 i - a potion of resistance {unknown}
 n - a potion of attraction {unknown}
 o - 2 potions of might {unknown}


   Skills:
 + Level 3.8 Fighting
 - Level 1.7 Dodging
 - Level 2.1 Stealth
 - Level 1.7 Spellcasting
 + Level 4.2 Conjurations


You had 4 spell levels left.
You knew the following spells:

 Your Spells              Type           Power      Damage    Failure   Level
a - Magic Dart            Conj           48%        1d5       6%          1
b - Searing Ray           Conj           24%        3d4       9%          2

Your spell library contained the following spells:

 Spells                   Type           Power      Damage    Failure   Level
 Dazzling Flash           Conj/Hex       12%        N/A       38%         3
 Stone Arrow              Conj/Erth      12%        3d7       38%         3
 Fulminant Prism          Conj/Hex       3%         3d6       80%         4
 Iskenderun's Mystic Bla  Conj/Tloc      6%         2d4       80%         4
 Animate Armour           Summ/Erth      2%         N/A       97%         4
 Lehudib's Crystal Spear  Conj/Erth      3%         10d2      100%        8


Dungeon Overview and Level Annotations

Branches:
Dungeon (3/15)

Altars:

Annotations:
D:3 1 runed translucent door, Crazy Yiuf


Innate Abilities, Weirdness & Mutations

You thrive by killing the living.
You are immune to poison.
You have sharp fingernails.
Your flesh is cold resistant. (rC+)
You are immune to negative energy. (rN+++)
You do not regenerate when monsters are visible.
You are immune to unholy pain and torment.


Message History

Casting: Searing Ray (safe; 9% risk of failure)
Confirm with . or Enter, or press ? or * to list all spells.
Aiming: Searing Ray (safe; 9% risk of failure)
Press: ? - help, Shift-Dir - straight line, f - orc priest
Aim: an orc priest, wielding a +0 whip and wearing a +0 leather armour (wandering, hasn't noticed you, 76% to hit)
Okay, then.
The orc priest shouts!
Casting: Searing Ray (safe; 9% risk of failure)
Confirm with . or Enter, or press ? or * to list all spells.
Aiming: Searing Ray (safe; 9% risk of failure)
Press: ? - help, Shift-Dir - straight line, f - orc priest
Aim: an orc priest, wielding a +0 whip and wearing a +0 leather armour (76% to hit)
The searing ray hits the orc priest.
The orc priest is moderately wounded. (Press . to maintain the ray.)
The searing ray hits the orc priest.
The orc priest is heavily wounded.
The orc priest hits you with a +0 whip.
The searing ray hits the orc priest!
The orc priest is almost dead.
The orc priest invokes the aid of Beogh against you.
Beogh smites you!
* * * LOW HITPOINT WARNING * * *
Unknown command.
The searing ray misses the orc priest.
You finish channeling your searing ray.
The orc priest hits you with a +0 whip.
* * * LOW HITPOINT WARNING * * *
Unknown command.
You barely miss the orc priest.
The orc priest is almost dead.
The orc priest hits you with a +0 whip.
* * * LOW HITPOINT WARNING * * *
You closely miss the orc priest.
The orc priest is almost dead.
The orc priest invokes the aid of Beogh against you.
Beogh smites you!
* * * LOW HITPOINT WARNING * * *
The orc priest calls down the wrath of Beogh upon you.
Beogh smites you!
You die...

..#.......########### ...#
#.# #..........#
#.o........########.#
#o#.#.#.#.#. #)#
###..)........### #)#
#..#.#.#.#.#.#..## #.#
#................# ##.#
#####.#.#.#.#.#.#.#..###..#
#.....†........o@..#.....##
..###o.#.#.#.#.#.#....####
.###..#...........<...#
.###.##.#.#.#.#.#.....#
.#...##..............##
o.)####..#.#.#.#.....# .o##
#.#............#
...####....##..##....#
##o...........# ######


You could see an orc priest.

Vanquished Creatures
  An orc priest (D:3)
  4 adders
  A worm (D:2)
  A dart slug (D:2)
  4 orcs (D:3)
  9 ball pythons
  2 bats (D:1)
  11 endoplasms
  4 giant cockroaches
  4 hobgoblins
  5 jackals
  3 kobolds
  A quokka (D:3)
  2 frilled lizards
  8 goblins
  5 rats
65 creatures vanquished.

Vanquished Creatures (others)
  6 fungi
  2 plants (D:2)
  7 toadstools (D:3)
15 creatures vanquished.

Grand Total: 80 creatures vanquished

Notes
Turn   | Place    | Note
-------+----------+-------------------------------------------
     0 | D:1      | Strat the Ghoul Conjurer began the quest for the Orb.
     0 | D:1      | Reached XP level 1. HP: 14/14 MP: 2/2
   440 | D:1      | Reached skill level 1 in Fighting
   509 | D:1      | Reached XP level 2. HP: 8/23 MP: 0/3
   606 | D:1      | HP: 1/23 [ball python (1)]
  1384 | D:1      | Reached XP level 3. HP: 26/29 MP: 4/4
  2268 | D:2      | Learned a level 2 spell: Searing Ray
  2317 | D:2      | Reached XP level 4. HP: 33/37 MP: 1/5
  2477 | D:2      | Reached skill level 4 in Conjurations
  3019 | D:2      | Found a faded altar of an unknown god.
  3375 | D:3      | Found a runed translucent door.
  3376 | D:3      | Noticed Crazy Yiuf
  3925 | D:3      | Reached XP level 5. HP: 12/45 MP: 0/6
  4176 | D:3      | Killed from afar by an orc priest

Illustrated notes

Levels and vault maps discovered:
D:1:      dpeg_arrival_simpleton_a, layout_loops_cross, minmay_tiny_reverse_x
D:2:      layout_rooms, shapermc_ecumenical_altar_ellora, minmay_surrounded
D:3:      cheibrodos_fertilizer, layout_rooms,
          mainiacjoe_overflow_cross_hatched, hex_medium, uniq_crazy_yiuf_cottage

Skill      XL: |  1  2  3  4 |
---------------+-------------+-----
Fighting       | 1 2 3 |  3.8
Conjurations   | 4 |  4.2
Dodging        | |  1.7
Stealth        | |  2.1
Spellcasting   | |  1.7

Action                   |  1- 3 |  4- 6 || total
-------------------------+-------+-------++-------
Melee: Unarmed           |    10 |       ||    10
       Club              |    15 |       ||    15
       Dagger            |    45 |       ||    45
       War axe           |    21 |    80 ||   101
 Cast: Magic Dart        |    63 |    15 ||    78
       Searing Ray       |       |    11 ||    11
 Stab: Sleeping          |     1 |     1 ||     2
Armor: Robe              |     9 |       ||     9
       Leather armour    |    29 |    24 ||    53
Dodge: Dodged            |    75 |    60 ||   135
